 Dungeon Sprint DCSS version 0.29-a0-802-g34511f41fd (webtiles) character file.

Game seed: 3121696320736668296

5 mhtbhm the Vexing (level 1, 0/7 HPs)
             Began as a Felid Enchanter on July 3, 2022.
             Slain by a centaur (2 damage)
             ... in the Dungeon (Sprint IX: "|||||||||||||||||||||||||||||").
             The game lasted 00:00:17 (318 turns).

mhtbhm the Vexing (Felid Enchanter)                  Turns: 318, Time: 00:00:18

Health: 0/7        AC:  1    Str:  4    XL:     1   Next: 66%
Magic:  5/5        EV: 17    Int: 16    God:
Gold:   0          SH:  0    Dex: 16    Spells: 5/5 levels left
                                        Lives:  0   Deaths: 0

rFire   . . .      SeeInvis +     - Unarmed
rCold   . . .      Faith    .   (shield unavailable)
rNeg    . . .      Spirit   .   (body armour unavailable)
rPois   .          Reflect  .   (helmet unavailable)
rElec   .          Harm     .   (cloak unavailable)
rCorr   .          Rampage  .   (gloves unavailable)
Will    .....      NoTele   +   (boots unavailable)
Stlth   +++.......              (no amulet)
HPRegen 0.02/turn               (no ring)
MPRegen 0.09/turn               (no ring)

@: invisible, quick
A: very small, claws 1, fangs 3, see invisible, speed 1, shaggy fur 1, stealthy
paws, no weapons or thrown items, no armour, multi-lived
a: no special abilities


You were in the Dungeon.
You visited 1 branch

Inventory:

Scrolls
 g - a scroll of blinking
Potions
 a - a potion of invisibility
 b - a potion of curing
 c - a potion of heal wounds
 d - a potion of haste
 e - 2 potions of magic
 f - a potion of berserk rage


   Skills:
 + Level 2.9 Dodging
 + Level 4.7 Stealth
 + Level 1.0 Unarmed Combat
 + Level 2.6 Spellcasting
 + Level 5.3 Hexes


You had 5 spell levels left.
You didn't know any spells.
Your spell library contained the following spells:

 Spells                   Type           Power      Damage    Failure   Level
 Confusing Touch          Hex            19%        N/A       7%          3
 Tukima's Dance           Hex            19%        N/A       7%          3
 Ensorcelled Hibernation  Hex/Ice        20%        N/A       10%         2
 Dazzling Flash           Conj/Hex       20%        N/A       21%         3


Dungeon Overview and Level Annotations

Branches:
Dungeon (1/1)

Altars:


Innate Abilities, Weirdness & Mutations

You have sharp claws.
You have razor-sharp teeth.
You have supernaturally acute eyesight. (SInv)
You cover ground quickly. (Speed+)
You are covered in fur. (AC +1)
Your paws help you pounce on unaware monsters.
You are incapable of wielding weapons or throwing items.
You cannot wear armour.
You gain extra lives every three experience levels.


Message History

The ball python is heavily wounded.
The ball python completely misses you. The ball python barely misses you.
The ball python completely misses you. The ball python misses you.
You closely miss the ball python.
The ball python is heavily wounded.
The ball python barely misses you. The ball python misses you.
You scratch the ball python.
You kill the ball python!
No target in view!
No target in view!
No target in view!
No target in view!
No target in view!
No target in view!
No target in view!
No target in view!
No target in view!
No target in view!
No target in view!
No target in view!
No target in view!
Okay, then.
You fade into invisibility!
You open the door.
An ufetubus, a scorpion, a necrophage, an orc and a centaur come into view.
The orc shouts!
There is an open door here.
The centaur shouts!
You scratch the centaur but do no damage.
The centaur closely misses you. The centaur barely misses you.
You barely miss the centaur. The centaur barely misses you.
The centaur misses you. The centaur hits you.
Ouch! That really hurt!
* * * LOW HITPOINT WARNING * * *
The centaur misses you.
You catch the helpless centaur completely off-guard!
You claw the centaur!
The centaur is heavily wounded.
The centaur hits you.
You die...

▓+▓
▓5▓
▓s▓
▓n▓
▓o▓
▓c▓
▓@▓
▓.▓
▓.▓
▓.▓
▓.▓
▓.▓
▓'▓
▓.▓
▓.▓


You could see a necrophage (wandering, unable to see you), a centaur (unable to
see you), a scorpion (wandering, unable to see you), an orc (unable to see you)
and an ufetubus (wandering, unable to see you).

Vanquished Creatures
  A ball python (D)
  A giant cockroach (D)
  A quokka (D)
  A bat (D)
  A frilled lizard (D)
5 creatures vanquished.

Notes
Turn   | Place    | Note
-------+----------+-------------------------------------------
     0 | D        | mhtbhm the Felid Enchanter began the quest for the Orb.
     0 | D        | Reached XP level 1. HP: 7/7 MP: 4/4
     6 | D        | Reached skill level 5 in Hexes
   314 | D        | Noticed a scorpion
   314 | D        | Noticed a necrophage
   314 | D        | Noticed a centaur
   318 | D        | Slain by a centaur

Illustrated notes

Levels and vault maps discovered:
D:        linesprint [early_d, line_temple, items_1, d_10, items_2, lair_1,
          lair_end, items_3, orc_1, orc_end, items_4, d_15, swamp_1, shoals_1,
          snake_1, spider_1, d_20, vaults_1, items_5, swamp_end, shoals_end,
          snake_end, spider_end, vaults_end, d_27, items_6, zot_1, zot_end,
          crypt_end, forest_end, elf_end, slime_end, tomb_end, abyss_end,
          pan_hell_end]

Skill      XL: |  1 |
---------------+----+-----
Hexes          | 5 |  5.3
Dodging        | |  2.9
Stealth        | |  4.7
Unarmed Combat | |  1.0
Spellcasting   | |  2.6

Action                   || total
-------------------------++-------
Melee: Unarmed           ||    16
       Bite              ||     1
  Use: Potion            ||     1
 Stab: Sleeping          ||     2
       Invisible         ||     1
Dodge: Dodged            ||    17

Table legend: (Time is in decaauts)
 A = Elapsed time spent in this place.
 B = Non-inter-level travel time spent in this place.
 C = Inter-level travel time spent in this place.
 D = Time resting spent in this place.
 E = Time spent auto-exploring this place.
 F = Levels seen in this place.
 G = Mean time per level.
                   A        B        C        D        E       F      G
               +--------+--------+--------+--------+--------+-----+--------+
         Total |    314 |    314 |      0 |    280 |      0 |   1 |  314.0 |
       Dungeon |    314 |    314 |      0 |    280 |      0 |   1 |  314.0 |
               +--------+--------+--------+--------+--------+-----+--------+

Top non-repeatable levels by time:
       D: 314 daAuts
